 Dungeon Crawl Stone Soup version 0.20-a0-9-g62d82d9 (webtiles) character file.

881 JeffiDaFish the Shield-Bearer (level 8, 0/48 HPs)
             Began as a Gargoyle Fighter on Nov 1, 2016.
             Slain by an ogre
             ... wielding a +0 giant spiked club
              (18 damage)
             ... on level 5 of the Dungeon.
             The game lasted 00:08:56 (3583 turns).

JeffiDaFish the Shield-Bearer (Gargoyle Fighter)    Turns: 3583, Time: 00:08:57

Health: 0/48       AC: 17    Str: 22    XL:     8   Next: 5%
Magic:  8/8        EV:  5    Int:  9    God:
Gold:   203        SH: 11    Dex:  9    Spells: 0 memorised, 7 levels left

rFire  . . .     SeeInvis +     a - +1 rapier
rCold  . . .     Gourm    .     m - +0 plate armour
rNeg   + . .     Faith    .     c - +1 shield
rPois  ∞         Spirit   .     (no helmet)
rElec  +         Reflect  .     (no cloak)
rCorr  .         Harm     .     (no gloves)
MR     .....     Rnd*Tele +     (no boots)
Stlth  ..........               (no amulet)
                                (no ring)
                                e - ring of see invisible

@: no status effects
A: negative energy resistance 1, electricity resistance, teleportitis 1, wild
magic 1, unbreathing, petrification resistance, no device heal 1, rot immunity,
AC +5
a: no special abilities


You were on level 5 of the Dungeon.
You were near starving.

You visited 2 branches of the dungeon, and saw 6 of its levels.

You collected 203 gold pieces.

Inventory:

Hand Weapons
 a - a +1 rapier (weapon)
Armour
 c - a +1 shield (worn)
 m - a +0 plate armour (worn)
Jewellery
 e - a ring of see invisible (left hand)
Wands
 n - a wand of slowing (30/48)
Scrolls
 b - a scroll of fog
 l - a scroll of enchant armour
 o - 2 scrolls of identify
 p - a scroll of blinking
Potions
 d - a potion of might
 h - a potion of curing
 i - a potion of brilliance
Comestibles
 f - 4 bread rations
 g - 3 fruits
 j - 2 slices of pizza
 k - 2 meat rations


   Skills:
 + Level 4.2 Fighting
 + Level 5.5 Short Blades
 + Level 5.3 Armour
 + Level 1.2 Dodging
 + Level 0.8 Stealth
 + Level 5.8 Shields


You had 7 spell levels left.
You didn't know any spells.

Dungeon Overview and Level Annotations

Branches:
Dungeon (5/15)             Temple (1/1) D:4

Altars:
Cheibriados
Dithmenos
Elyvilon
Fedhas
Gozag
Hepliaklqana
Kikubaaqudgha
Nemelex Xobeh
Okawaru
Qazlal
Ru
Trog
Xom
Yredelemnul

Shops:
D:4 (


Innate Abilities, Weirdness & Mutations

You are resistant to torment.
Your stone body is resilient. (AC +5)
You are immune to poison.
You resist negative energy. (rN+)
You are resistant to electric shocks. (rElec)
You can survive without breathing.
You are immune to petrification.
You are immune to rotting.
You are occasionally teleported next to monsters.
Your spells are a little harder to cast, but a little more powerful.
Potions and wands are less effective at restoring your health.


Message History

You hit the ogre.
The ogre is lightly wounded.
The ogre hits you with a giant spiked club!
You hit the ogre.
The ogre is moderately wounded.
Your shield and plate armour prevent you from hitting the ogre.
The ogre is moderately wounded.
You block the ogre's attack.
You hit the ogre.
The ogre is heavily wounded.
The ogre hits you with a giant spiked club.
You hit the ogre.
The ogre is severely wounded.
You closely miss the ogre.
The ogre is severely wounded.
The ogre hits you with a giant spiked club!
You barely miss the ogre.
The ogre is severely wounded.
The ogre hits you with a giant spiked club!!
You die...

###.####
#......#
#.#.##.#
#.#.##.# #
#.##.#
#....#
##...####
#.#.......+
#<..@..####
#.$.O....#
#.###.###.#
#.# ##. .#
#. . # # .#
##


You could see an ogre.

Vanquished Creatures
  A hungry ghost (D:5)
  A water moccasin (D:5)
  A phantom (D:4)
  An ogre (D:4)
  The ghost of JeffiDaFish the Covered, an amateur GrFi (D:3)
  A wyvern skeleton (D:3)
  A scorpion (D:4)
  A hound (D:4)
  Crazy Yiuf (D:4)
  2 orc wizards (D:4)
  A worker ant (D:4)
  5 adders
  6 gnolls
  An ooze (D:1)
  A worm (D:2)
  A dart slug (D:1)
  A leopard gecko (D:2)
  2 orcs (D:4)
  8 bats
  3 giant cockroaches
  5 goblins
  9 hobgoblins
  9 kobolds
  A quokka (D:2)
  7 frilled lizards
  A leopard gecko zombie (D:4)
  A quokka skeleton (D:3)
  7 rats
  A bush (D:4)
81 creatures vanquished.

Vanquished Creatures (others)
  An orc (D:4)
  A leopard gecko skeleton (D:4)
2 creatures vanquished.

Grand Total: 83 creatures vanquished

Notes
Turn   | Place    | Note
-------+----------+-------------------------------------------
     0 | D:1      | JeffiDaFish the Gargoyle Fighter began the quest for the Orb.
     0 | D:1      | Reached XP level 1. HP: 14/14 MP: 1/1
     3 | D:1      | Noticed an electric eel
     3 | D:1      | Noticed an electric eel
   145 | D:1      | Gained mutation: You are occasionally teleported next to monsters. [potion of mutation]
   145 | D:1      | Gained mutation: Your spells are a little harder to cast, but a little more powerful. [potion of mutation]
   145 | D:1      | Gained mutation: Potions and wands are less effective at restoring your health. [potion of mutation]
   196 | D:1      | Reached XP level 2. HP: 19/19 MP: 2/2
   418 | D:1      | Reached XP level 3. HP: 23/23 MP: 3/3
   709 | D:2      | Reached XP level 4. HP: 19/28 MP: 4/4
   968 | D:2      | Found a bloodstained altar of Trog.
  1067 | D:2      | Found a blossoming altar of Fedhas.
  1067 | D:2      | Found a stormy altar of Qazlal.
  1081 | D:2      | Found a faded altar of an unknown god.
  1455 | D:3      | Reached XP level 5. HP: 32/33 MP: 5/5
  1492 | D:3      | Noticed JeffiDaFish's ghost (amateur GrFi)
  1499 | D:3      | Killed JeffiDaFish's ghost
  1704 | D:3      | Reached XP level 6. HP: 24/38 MP: 6/6
  1952 | D:3      | Reached skill level 1 in Dodging
  1958 | D:3      | Found a shadowy altar of Dithmenos.
  2184 | D:4      | Reached skill level 5 in Shields
  2276 | D:4      | Noticed a phantom
  2307 | D:4      | Killed a phantom
  2378 | D:4      | Found a staircase to the Ecumenical Temple.
  2411 | D:4      | Reached XP level 7. HP: 34/43 MP: 7/7
  2444 | Temple   | Entered the Ecumenical Temple
  2759 | D:4      | Found Zytif's Weapon Boutique.
  2760 | D:4      | Found a white marble altar of Elyvilon.
  3172 | D:4      | Found a runed door.
  3176 | D:4      | Noticed Crazy Yiuf
  3184 | D:4      | Killed Crazy Yiuf
  3194 | D:4      | Reached skill level 5 in Short Blades
  3514 | D:5      | Entered Level 5 of the Dungeon
  3516 | D:5      | Noticed a hungry ghost
  3532 | D:5      | Killed a hungry ghost
  3532 | D:5      | Reached skill level 5 in Armour
  3550 | D:5      | Reached XP level 8. HP: 39/48 MP: 8/8
  3583 | D:5      | Slain by an ogre

Vault maps used:
D:1:      arrival_aquarium_b, minmay_misc_feat_iff, serial_bayou_pond_a
D:2:      grunt_temple_overflow_forces_of_nature,
          nicolae_overflow_crystal_walls, ecumenical_altar_2, minmay_domino_2
D:3:      grunt_dithmenos_smoke
D:4:      lemuel_doored_altar, serial_shops, nicolae_shop_trees, first_bread,
          uniq_crazy_yiuf_cottage
D:5:      old_standard_altar, minmay_mini_ossuary
Temple:   compressed_dpeg_triangle_lava_temple

Skill      XL: |  1  2  3  4  5  6  7 |
---------------+----------------------+-----
Short Blades   | 2 3 4 5 |  5.5
Shields        | 4 5 |  5.8
Armour         | 4 5 |  5.3
Dodging        | 1 |  1.2
Fighting       | 4 |  4.2
Stealth        | |  0.8

Action                   |  1- 3 |  4- 6 |  7- 9 || total
-------------------------+-------+-------+-------++-------
Melee: Rapier            |    83 |   218 |   130 ||   431
  Use: Scroll            |     4 |     4 |     1 ||     9
       Potion            |     4 |     5 |       ||     9
 Stab: Invisible         |       |       |     2 ||     2
  Eat: Chunk             |       |     5 |     1 ||     6
       Bread ration      |       |       |     1 ||     1
Armor: Scale mail        |    34 |    98 |       ||   132
       Plate armour      |       |    14 |    19 ||    33
Dodge: Dodged            |    22 |    58 |     5 ||    85
Block: Shield            |    41 |   117 |    22 ||   180
